Map: Cerulean Fall LE

Players

Rogue

  • Race: Zerg Zerg
  • Spawn Location: 7:00

Serral - Winner!

  • Race: Zerg Zerg
  • Spawn Location: 1:00

Event: 2018 WCS Global Finals

VOD

Have the link to the VOD?

Description

Time

  • Played on: Nov. 3, 2018, 5:34 p.m.
  • Length: 8:27

All games in this series

Show
View Real Time Build Order
Export as new Build Order

Rogue Zerg 

Build Orders: Hatch First 

Get SALT Encoding   

  12  0:00  Drone  
  13  0:12  Overlord  
  13  0:17  Drone  
  14  0:30  Drone x2  
  16  0:49  Hatchery  
  15  0:51  Drone  
  16  0:58  Extractor  
  15  1:07  Spawning Pool  
  15  1:11  Drone  
  15  1:15  Drone  
  15  1:18  Drone  
  17  1:24  Drone  
  18  1:40  Overlord  
  19  1:47  Drone  
  19  1:53  Queen  
  21  1:57  Zergling x2  
  22  2:01  Metabolic Boost  
  22  2:06  Queen  
  24  2:10  Zergling x2  
  24  2:12  Zergling x2  
  24  2:14  Zergling x2  
  27  2:24  Zergling x4  
  29  2:37  Hatchery  
  29  2:41  Zergling x2  
  29  2:43  Zergling x2  
  30  2:46  Zergling x2  
  30  2:49  Zergling x2  
  32  2:51  Zergling x2  
  32  2:57  Overlord  
  33  3:04  Zergling x4  
  35  3:06  Zergling x2  
  36  3:16  Zergling x6  
  36  3:19  Zergling x2  
  40  3:21  Zergling x2  
  40  3:23  Zergling x2  
  40  3:26  Zergling x2  
  43  3:31  Overlord  
  43  3:35  Zergling x2  
  43  3:42  Drone  
  43  3:51  Drone  
  43  3:55  Drone x5  
  44  4:09  Zergling x8  
  48  4:18  Drone x2  
  48  4:19  Baneling Nest  
  49  4:24  Drone x2  
  49  4:26  Zergling x2  
  49  4:28  Zergling x2  
  52  4:33  Zergling x4  
  52  4:36  Zergling x2  
  52  4:38  Zergling x2  
  55  4:41  Zergling x2  
  55  4:44  Drone x2  
  55  4:49  Zergling x4  
  57  4:53  Overlord  
  57  5:04  Baneling x2  
  57  5:06  Baneling  
  50  5:07  Baneling x2  
  50  5:10  Zergling x8  
  50  5:11  Zergling x4  
  50  5:12  Baneling  
  56  5:19  Zergling x6  
  56  5:21  Zergling x2  
  56  5:27  Baneling  
  55  5:29  Zergling x6  
  55  5:30  Baneling  
  55  5:34  Zergling x2  
  58  5:37  Zergling x2  
  52  5:44  Drone x5  
  57  5:53  Zergling x10  
  57  5:56  Baneling x2  
  54  6:06  Zergling x2  
  54  6:07  Zergling x8  
  46  6:18  Drone x2, Roach Warren  
  46  6:19  Drone, Extractor  
  46  6:20  Extractor  
  46  6:23  Drone x2  
  47  6:27  Baneling  
  47  6:30  Zergling x4  
  49  6:33  Drone x2  
  49  6:35  Baneling  
  49  6:39  Drone x2  
  53  6:40  Drone  
  53  6:45  Queen  
  56  6:53  Drone x3  
  59  6:55  Overlord  
  59  7:03  Overlord  
  59  7:04  Overlord  
  59  7:09  Roach x2  
  59  7:10  Roach  
  59  7:14  Roach  
  67  7:17  Roach x2  
  71  7:25  Roach x2  
  71  7:26  Roach  
  79  7:30  Roach  
  79  7:33  Roach  
  81  7:42  Roach x4  
  86  7:46  Overlord  
  86  7:47  Overlord  
  86  8:05  Zergling x2  
  86  8:06  Zergling x18  
  86  8:10  Ravager  
  86  8:11  Ravager  
Show
View Real Time Build Order
Export as new Build Order

Serral Zerg - Winner!

Build Orders: Hatch First, Zergling Baneling 

Get SALT Encoding   

  12  0:00  Drone  
  13  0:12  Overlord  
  13  0:17  Drone  
  14  0:31  Drone x2  
  16  0:48  Hatchery  
  15  0:51  Drone  
  15  0:55  Drone  
  17  0:58  Drone  
  18  1:09  Extractor  
  17  1:13  Spawning Pool  
  17  1:16  Drone  
  17  1:20  Drone  
  18  1:27  Drone  
  20  1:40  Drone  
  20  1:49  Overlord  
  20  2:00  Queen x2  
  24  2:01  Drone x2  
  26  2:09  Metabolic Boost  
  26  2:10  Drone  
  26  2:11  Drone  
  28  2:23  Drone x2  
  30  2:33  Hatchery  
  29  2:38  Zergling x2  
  29  2:39  Zergling x2  
  31  2:47  Baneling Nest  
  31  2:48  Drone  
  31  2:49  Overlord  
  31  2:56  Overlord  
  31  2:59  Zergling x2  
  32  3:06  Zergling x2  
  32  3:07  Drone x3  
  36  3:13  Zergling x2  
  36  3:16  Drone x3  
  39  3:21  Queen  
  42  3:29  Evolution Chamber  
  42  3:30  Evolution Chamber  
  42  3:31  Baneling x4  
  42  3:33  Zergling x6  
  43  3:34  Zergling x2  
  43  3:38  Zergling x2  
  43  3:39  Zergling x4  
  43  3:41  Zergling x2  
  48  3:43  Zergling x2  
  48  3:47  Zergling x2  
  48  3:48  Zergling x2  
  51  3:51  Baneling x2  
  52  3:55  Zergling x2  
  52  4:07  Hatchery  
  52  4:08  Zergling x2  
  52  4:12  Overlord  
  52  4:16  Overlord  
  52  4:26  Hatchery  
  52  4:30  Zergling x14  
  58  4:36  Zerg Missile Weapons Level 1  
  58  4:42  Baneling, Drone x2  
  58  4:44  Drone x4  
  59  4:46  Drone  
  59  4:48  Drone x2  
  62  4:56  Baneling  
  62  4:57  Overlord  
  62  4:58  Drone x2  
  61  5:03  Extractor  
  61  5:04  Extractor  
  59  5:09  Zergling x2, Roach Warren  
  59  5:10  Zergling x2  
  60  5:19  Zergling x2  
  60  5:20  Zergling x4  
  60  5:21  Zergling x2  
  61  5:27  Zergling x2  
  61  5:28  Zergling x2  
  61  5:29  Baneling  
  54  5:40  Baneling x2  
  52  5:45  Zergling x6  
  55  5:53  Zergling x4, Roach x3  
  60  5:57  Roach  
  60  6:01  Roach  
  60  6:02  Zergling x4  
  65  6:08  Zergling x4  
  63  6:13  Roach  
  60  6:19  Queen x2  
  60  6:21  Zergling x12, Roach  
  74  6:32  Lair  
  72  6:35  Overlord  
  72  6:36  Roach  
  73  6:44  Overlord  
  73  6:48  Drone x5  
  73  6:53  Baneling x2  
  78  6:58  Drone x3  
  81  7:05  Baneling x4  
  81  7:07  Drone x3  
  84  7:11  Drone  
  84  7:12  Drone  
  86  7:18  Drone  
  87  7:23  Drone x5  
  92  7:32  Overlord  
  92  7:33  Extractor, Overlord, Overseer  
  92  7:34  Extractor  
  90  7:41  Roach x3  
  95  7:49  Baneling x2  
  95  7:50  Roach  
  97  7:55  Roach x5  
  97  7:56  Baneling  
  106  8:00  Roach x2  
  110  8:07  Overlord x3  
Tags
 
Add a new tag
Caveats
  • Supply blocks, unpowered buildings, or Contaminate may cause inaccurate times.
  • Supply counts are checked every 10 seconds.